 Dungeon Crawl Stone Soup version 0.22.1-6-g1668fe2 (webtiles) character file.

24 redwoodhats the Charmwright (level 3, 31/31 HPs)
             Began as a Gnoll Skald on Dec 16, 2018.
             Got out of the dungeon alive.
             The game lasted 00:06:19 (1056 turns).

redwoodhats the Charmwright (Gnoll Skald)           Turns: 1056, Time: 00:06:20

Health: 31/31      AC:  3    Str: 14    XL:     3   Next: 2%
Magic:  9/9        EV: 14    Int: 15    God:
Gold:   51         SH:  0    Dex: 14    Spells: 8/11 levels left

rFire    . . .     SeeInvis .   a - +0 mace
rCold    . . .     Gourm    .   (no shield)
rNeg     . . .     Faith    .   b - +0 leather armour
rPois    .         Spirit   .   (no helmet)
rElec    .         Reflect  .   (no cloak)
rCorr    .         Harm     .   (no gloves)
MR       .....                  (no boots)
Stlth    +.........             (no amulet)
HPRegen  0.10/turn              (no ring)
MPRegen  0.11/turn              (no ring)

@: no status effects
A: distributed training, fangs 1, strong nose
a: no special abilities


You escaped.
You were hungry.

You visited 1 branch of the dungeon, and saw 1 of its levels.

You collected 51 gold pieces.

Inventory:

Hand Weapons
 a - a +0 mace (weapon)
Missiles
 j - 3 needles of sleeping
 o - 11 sling bullets
Armour
 b - a +0 leather armour (worn)
Jewellery
 e - an uncursed ring of protection from cold {unknown}
 f - a cursed ring of teleportation {unknown}
Scrolls
 i - a scroll of teleportation {unknown}
 k - a scroll of noise {unknown}
 p - a scroll of identify {unknown}
Potions
 c - a potion of agility {unknown}
 h - a potion of flight {unknown}
 l - a potion of degeneration {unknown}
 m - a potion of cancellation {unknown}
 n - a potion of heal wounds {unknown}
Comestibles
 d - 3 rations


   Skills:
 + Level 4.5 Fighting
 + Level 0.5 Short Blades
 + Level 0.5 Long Blades
 + Level 0.5 Axes
 + Level 4.5 Maces & Flails
 + Level 0.5 Polearms
 + Level 0.5 Staves
 + Level 0.5 Slings
 + Level 0.5 Bows
 + Level 0.5 Crossbows
 + Level 0.5 Throwing
 + Level 2.5 Armour
 + Level 4.5 Dodging
 + Level 0.5 Stealth
 + Level 0.5 Shields
 + Level 0.5 Unarmed Combat
 + Level 4.9 Spellcasting
 + Level 0.4 Conjurations
 + Level 0.4 Hexes
 + Level 5.4 Charms
 + Level 0.4 Summonings
 + Level 0.4 Necromancy
 + Level 0.4 Translocations
 + Level 0.4 Transmutations
 + Level 0.4 Fire Magic
 + Level 0.4 Ice Magic
 + Level 0.4 Air Magic
 + Level 0.4 Earth Magic
 + Level 0.4 Poison Magic
 + Level 0.7 Invocations
 + Level 0.5 Evocations


You had 8 spell levels left.
You knew the following spells:

 Your Spells              Type           Power        Failure   Level  Hunger
a - Infusion              Chrm           ###.         2%          1    None
b - Song of Slaying       Chrm           ###.....     3%          2    ##.....

Your spell library contained the following spells:

 Spells                   Type           Power        Failure   Level  Hunger
 Shroud of Golubria       Chrm/Tloc      ##........   10%         2    ##.....
 Regeneration             Chrm/Necr      ##........   19%         3    ###....
 Spectral Weapon          Hex/Chrm       ##......     19%         3    ###....


Dungeon Overview and Level Annotations

Branches:
Dungeon (1/15)

Altars:


Innate Abilities, Weirdness & Mutations

Your experience applies equally to all skills.
You have very sharp teeth.
Your uncanny sense of smell can sniff out nearby items.


Message History

You now have 51 gold pieces (gained 4).
Found a stone staircase leading down.
There is a stone staircase leading down here.
There is a stone staircase leading down here.
Done exploring.
As you read the scroll labeled BOOCSO URAMEVY, it crumbles to dust.
The scroll dissolves into smoke.
It was a scroll of fog.
Welcome back, redwoodhats the Gnoll Skald.
Press ? for a list of commands and other information.
Unknown command.
Unknown command.
Unknown command.
Unknown command.
You are feeling hungry.
There is a staircase leading out of the dungeon here.
There are no items here.
There is a staircase leading out of the dungeon here.
You can't go down here!
Are you sure you want to leave the Dungeon?
This will make you lose the game!
You have escaped!

.###...........#
#...############
##################
#.....#.#...#
#.#.###...#.#
#.#.....#.#.#
#.###.###.#.#
#...#.#.#.#.#
#####.#.#.#.#@#
#...#.#.#.#.###
#.#.#.#.#.#...#
####.#.#.#...#.###
.....#.#.###.#.#.#
######.#.#...#.#.#
#.#.#.###.#.#
#.#.#...#.#.#
#.#####.#.#.#


There were no monsters in sight!

Vanquished Creatures
  A dart slug (D:1)
  A bat (D:1)
  A giant cockroach (D:1)
  2 goblins (D:1)
  3 hobgoblins (D:1)
  4 jackals (D:1)
  4 kobolds (D:1)
  2 frilled lizards (D:1)
  2 rats (D:1)
20 creatures vanquished.

Notes
Turn   | Place    | Note
-------+----------+-------------------------------------------
     0 | D:1      | redwoodhats the Gnoll Skald began the quest for the Orb.
     0 | D:1      | Reached XP level 1. HP: 20/20 MP: 6/6
   242 | D:1      | Reached XP level 2. HP: 26/26 MP: 7/7
   255 | D:1      | Learned a level 2 spell: Song of Slaying
   671 | D:1      | Reached XP level 3. HP: 28/31 MP: 9/9
   969 | D:1      | Upgraded the game from 0.22.1-2-g9c5b331 to
                  | 0.22.1-6-g1668fe2
  1056 | D:$      | Got out of the dungeon alive.

Action                   || total
-------------------------++-------
Melee: Mace              ||    57
       Bite              ||     4
 Cast: Infusion          ||     1
       Song of Slaying   ||     3
  Use: Scroll            ||     1
Armor: Leather armour    ||    12
Dodge: Dodged            ||    44
